 Dungeon Crawl Stone Soup version 0.31-a0-516-gfcb59812bd (webtiles) character file.

Game seed: 17754951943495922527

273 GordonOverkill the Sneak (level 6, 0/32 HPs)
             Began as a Vine Stalker Delver on Aug 10, 2023.
             Splashed by a jelly's acid (2 damage)
             ... on level 6 of the Dungeon.
             The game lasted 00:05:01 (1468 turns).

GordonOverkill the Sneak (Vine Stalker Delver)      Turns: 1468, Time: 00:05:01

Health: 0/32       AC: -9    Str: 16    XL:     6   Next: 23%
Magic:  0/7        EV: 11    Int: 10    God:
Gold:   46         SH:  0    Dex: 16    Spells: 5/5 levels left

rFire   . .          .
                       - Unarmed
rCold   . . .        (no shield)
rNeg    . . .        a - +0 leather armour
rPois   .            (no helmet)
rElec   .            (no cloak)
rCorr   .            (no gloves)
SInv    .            (no boots)
Will    .....        (no amulet)
Stlth   +++          (no ring)
HPRegen 1.05/turn    (no ring)
MPRegen 0.10/turn

%: guardian spirit
@: corroded
A: fangs 2, regeneration 1, magic shield, antimagic bite, no potion heal 2
a: no special abilities


You were on level 6 of the Dungeon.
You visited 1 branch of the dungeon, and saw 3 of its levels.
You also visited: Sewer.

You collected 46 gold pieces.

Inventory:

Armour
 a - a +0 leather armour (worn)
Wands
 e - a wand of polymorph (9)
 f - a wand of digging (3)
Scrolls
 b - a scroll of fog
 c - 2 scrolls of revelation
Miscellaneous
 d - a phial of floods


   Skills:
 - Level 2.6 Fighting
 - Level 1.5 Dodging
 - Level 6.0 Stealth
 + Level 5.5 Unarmed Combat
 + Level 2.5 Evocations


You had 5 spell levels left.
You didn't know any spells.
Your spell library was empty.

Dungeon Overview and Level Annotations

Branches:
Dungeon (7/15)              Sewer (visited)
 Temple: D:4-7

Altars:
Gozag

Annotations:
D:5 exclusion: lemure


Innate Abilities, Weirdness & Mutations

You have extremely sharp teeth.
Your natural rate of healing is unusually fast.
When hurt, damage is shared between your health and your magic reserves.
Your bite disrupts and absorbs the magic of your enemies.
Potions cannot restore your health.


Message History

* * * LOW HITPOINT WARNING * * *
Your surroundings suddenly seem different.
There is a stone staircase leading up here.
You start resting.
HP restored.
You start resting.
Magic restored.
Found 6 gold pieces.
A jelly comes into view.
Found a stone staircase leading down.
You see here 6 gold pieces.
You now have 46 gold pieces (gained 6).
The jelly hits you. The acid corrodes you!
You are splashed with acid!
You hit the jelly.
Your hands burn!
The jelly is lightly wounded.
The jelly hits you.
* * * LOW HITPOINT WARNING * * *
The acid corrodes you!
You are splashed with acid.
* * * LOW HITPOINT WARNING * * *
You barely miss the jelly. You bite the jelly. You drain its power.
You feel invigorated.
The jelly is moderately wounded.
The jelly hits you.
* * * LOW HITPOINT WARNING * * *
You are splashed with acid!
* * * LOW HITPOINT WARNING * * *
You hit the jelly but do no damage.
Your hands burn!
* * * LOW HITPOINT WARNING * * *
You bite the jelly, but do no damage.
The jelly is moderately wounded.
The jelly hits you.
* * * LOW HITPOINT WARNING * * *
The acid corrodes you!
You are splashed with acid.
* * * LOW HITPOINT WARNING * * *
You hit the jelly but do no damage.
Your hands burn!
* * * LOW HITPOINT WARNING * * *
The jelly is moderately wounded.
The jelly barely misses you.
You hit the jelly.
Your hands burn!
You die...

#. ### # # ... ....# ##
...## #..####.#.# .#
...8 ......>J..# .#
###...##........@#.#...#
##...<..................
.........######..#.#.###
#..##......####..#.#.#
#..##......##..........
#..##......#..#.##.#.#.
#..##.#..............#
...##.#.#..###.###+###
...##.#...## #.#


You could see a jelly.

Vanquished Creatures
  A sky beast (D:6)
  A bullfrog (D:6)
  An iguana (D:6)
  4 adders (Sewer)
  A river rat (D:5)
  2 worms (D:5)
  3 orcs (D:6)
  9 giant cockroaches (Sewer)
  5 quokkas
  7 ball pythons (Sewer)
  6 frilled lizards (Sewer)
40 creatures vanquished.

Notes
Turn   | Place    | Note
-------+----------+-------------------------------------------
     0 | D:5      | GordonOverkill the Vine Stalker Delver began the quest for
                  | the Orb.
     0 | D:5      | Reached XP level 1. HP: 11/11 MP: 2/2
    74 | D:5      | Reached XP level 2. HP: 16/16 MP: 3/3
   239 | D:5      | Found a glowing drain.
   252 | Sewer    | Entered a sewer
   312 | Sewer    | Reached XP level 3. HP: 12/19 MP: 4/4
   503 | Sewer    | Gained mutation: Your natural rate of healing is unusually
                  | fast. [Vine Stalker growth]
   503 | Sewer    | Reached XP level 4. HP: 15/23 MP: 3/5
   823 | Sewer    | Noticed a bullfrog
   826 | Sewer    | Noticed a bullfrog
   967 | D:5      | Noticed a lemure
  1005 | D:6      | Found an opulent altar of Gozag.
  1005 | D:6      | HP: 1/23 [orc/+0 falchion (5)]
  1006 | D:6      | Noticed a sky beast
  1010 | D:6      | HP: 1/23 [orc/+0 mace (4)]
  1066 | D:6      | Killed a sky beast
  1067 | D:6      | Reached skill level 5 in Unarmed Combat
  1067 | D:6      | Reached skill level 1 in Evocations
  1067 | D:6      | Reached XP level 5. HP: 11/27 MP: 3/6
  1203 | D:6      | Reached XP level 6. HP: 20/32 MP: 3/7
  1385 | D:6      | Noticed an orc warrior
  1467 | D:6      | HP: 1/32 [acid (3)]
  1468 | D:6      | Splashed by a jelly's acid

Illustrated notes

Levels and vault maps discovered:
D:5:      layout_basic, nicolae_uskayaw_en_pointe, gup_sewer_entry_bubbles,
          uniq_pikel
D:6:      layout_basic, grunt_gozag_statues, nzn_wu_jian_contemplation,
          minmay_temple_entry_purple_smoke, serial_corexii_hall,
          corexii_hall_statues_l, corexii_hall_statues_x
D:7:      layout_cave_pools, mainiacjoe_overflow_concentric_impassable,
          nemelex_xobeh_ov_fountains_minmay, gammafunk_ghost_icy

Skill      XL: |  1  2  3  4  5 |
---------------+----------------+-----
Unarmed Combat | 3 4 5 |  5.5
Evocations     | 1 2 |  2.5
Fighting       | |  2.6
Dodging        | |  1.5
Stealth        | |  6.0

Action                     |  1- 3 |  4- 6 || total
---------------------------+-------+-------++-------
  Melee: Unarmed           |    97 |    79 ||   176
         Bite              |    23 |    24 ||    47
         Punch             |       |     2 ||     2
  Evoke: Wand              |       |     1 ||     1
    Use: Scroll            |       |     2 ||     2
         Potion            |       |     1 ||     1
   Stab: Sleeping          |     2 |       ||     2
 Armour: Leather armour    |    17 |    20 ||    37
  Dodge: Dodged            |    64 |    29 ||    93

Table legend: (Time is in decaauts)
 A = Elapsed time spent in this place.
 B = Non-inter-level travel time spent in this place.
 C = Inter-level travel time spent in this place.
 D = Time resting spent in this place.
 E = Time spent auto-exploring this place.
 F = Levels seen in this place.
 G = Mean time per level.
                   A        B        C        D        E       F      G
               +--------+--------+--------+--------+--------+-----+--------+
         Total |   1549 |   1539 |     10 |    480 |    185 |   4 |  387.2 |
       Dungeon |    890 |    880 |     10 |    310 |    185 |   3 |  296.7 |
         Sewer |    658 |    658 |      0 |    170 |      0 |   1 |  658.0 |
               +--------+--------+--------+--------+--------+-----+--------+

Top non-repeatable levels by time:
   Sewer: 658 daAuts
     D:5: 455 daAuts
     D:6: 432 daAuts
     D:7: 2 daAuts
